 Dungeon Crawl Stone Soup version 0.25-b1-37-g2669288c55 (webtiles) character file.

Game seed: 18318567297874986578

2805 Edgeworth the Cleaver (level 9, -1/79 HPs)
             Began as a Hill Orc Fighter on June 3, 2020.
             Was a Believer of Beogh.
             Shot with an arrow by a centaur (4 damage)
             ... on level 8 of the Dungeon on June 4, 2020.
             The game lasted 00:15:08 (7642 turns).

Edgeworth the Cleaver (Hill Orc Fighter)            Turns: 7642, Time: 00:15:09

Health: -1/79      AC: 10    Str: 22    XL:     9   Next: 72%
Magic:  9/9        EV:  6    Int:  8    God:    Beogh [**....]
Gold:   299        SH: 11    Dex: 10    Spells: 8/8 levels left

rFire    . . .     SeeInvis .   a - +0 war axe
rCold    . . .     Gourm    .   c - +0 kite shield
rNeg     . . .     Faith    .   d - +0 chain mail
rPois    .         Spirit   .   (no helmet)
rElec    .         Reflect  .   (no cloak)
rCorr    .         Harm     .   (no gloves)
MR       +....                  (no boots)
Stlth    ..........             (no amulet)
HPRegen  0.23/turn              g - ring of protection from magic
MPRegen  0.11/turn              (no ring)

@: flying
A: no striking features
a: Smiting, Renounce Religion


You were on level 8 of the Dungeon.
You worshipped Beogh.
Beogh was pleased with you.
You were hungry.

You visited 1 branch of the dungeon, and saw 8 of its levels.

You collected 299 gold pieces.

Inventory:

Hand Weapons
 a - a +0 war axe (weapon)
 J - a +2 flail of venom
Armour
 b - a +0 scale mail
 c - a +0 kite shield (worn)
 d - a +0 chain mail (worn)
 A - the +1 robe "Itteq" {+Blink rF- rC+}
   (You found it on level 6 of the Dungeon)

   It makes you vulnerable to fire.
   It protects you from cold.
   It lets you blink.
Jewellery
 g - a ring of protection from magic (left hand)
 q - an uncursed ring of flight
 t - an uncursed ring of fire
 B - an uncursed ring of positive energy {unknown}
 H - a +4 ring of evasion {unknown}
Wands
 r - a wand of disintegration (23)
 x - a wand of polymorph (3)
 y - a wand of random effects (35)
 G - a wand of clouds (4)
Scrolls
 e - 4 scrolls of teleportation {unknown}
 i - 10 scrolls of identify {unknown}
 j - 4 scrolls of enchant weapon {unknown}
 k - a scroll of vulnerability {unknown}
 o - 2 scrolls of immolation {unknown}
 u - 2 scrolls of remove curse {unknown}
 z - a scroll of fog {unknown}
 C - a scroll of amnesia {unknown}
 D - a scroll of blinking {unknown}
 E - a scroll of fear {unknown}
 F - a scroll of magic mapping {unknown}
Potions
 h - a potion of degeneration {unknown}
 l - 2 potions of stabbing {unknown}
 m - a potion of magic {unknown}
 n - 2 potions of mutation {unknown}
 p - 3 potions of flight
 s - 2 potions of haste {unknown}
 v - 3 potions of lignification {unknown}
 w - 2 potions of curing
Comestibles
 f - 5 rations


   Skills:
 + Level 7.2 Fighting
 + Level 10.8 Axes
 + Level 7.6 Armour
 + Level 7.5 Shields


You had 8 spell levels left.
You didn't know any spells.
Your spell library was empty.

Dungeon Overview and Level Annotations

Branches:
Dungeon (8/15)             Temple (0/1) D:4
   Lair: D:8-11

Altars:
Fedhas
Hepliaklqana
Trog
Xom

Annotations:
D:2 exclusion: oklob plant
D:5 Blork the orc
D:8 Grum


Message History

* * * LOW HITPOINT WARNING * * *
Okay, then.
Okay, then.
You feel better. The centaur hits you.
* * * LOW HITPOINT WARNING * * *
Grum hits you with a -2 halberd!
* * * LOW HITPOINT WARNING * * *
You closely miss Grum.
Grum is moderately wounded.
You hit the centaur but do no damage. The centaur barely misses you.
The centaur hits you.
* * * LOW HITPOINT WARNING * * *
Grum hits you with a -2 halberd!
* * * LOW HITPOINT WARNING * * *
The centaur wields a +0 shortbow of flaming.
It bursts into flame!
The centaur shoots an arrow.
You block the arrow. Grum closely misses you.
You see here an arrow.
The centaur shoots an arrow.
The arrow hits you.
You die... ##....# #....# ##...# #...# # #hhh#

.# ##cg#
#.# ##†#
...
####(##.#
#....@..# #
#.###.###.#
# #.....#
#..##.#
#..<.^#
#...#.#
#.#.# #
#....
##....


You could see Grum, 3 wolves and a centaur.

Vanquished Creatures
  Grinder (D:4)
  A hungry ghost (D:6)
  A sky beast (D:6)
  An orc warrior (D:7)
  A phantom (D:4)
  A wolf (D:8)
  4 centaurs
  A big kobold (D:7)
  6 bullfrogs
  A scorpion (D:4)
  3 howler monkeys
  3 crimson imps
  4 hounds
  2 orc priests
  A bullfrog zombie (D:6)
  3 jellies
  A centaur skeleton (D:7)
  Ijyb (D:3)
  7 orc wizards
  7 worker ants
  2 killer bee zombies
  2 hound skeletons (D:6)
  Robin (D:4)
  8 gnolls
  8 adders
  2 shadow imps (D:5)
  An ooze (D:1)
  An adder skeleton (D:4)
  7 worms
  A dart slug (D:3)
  3 leopard geckos
  23 orcs
  3 ball pythons
  5 giant cockroaches
  9 goblins
  9 hobgoblins
  2 jackals (D:2)
  11 kobolds
  3 quokkas
  9 bats
  3 frilled lizards
  A quokka skeleton (D:4)
  6 rats
170 creatures vanquished.

Vanquished Creatures (others)
  An orc priest (D:4)
  An orc wizard (D:4)
  3 orcs (D:4)
  A frilled lizard (D:4)
6 creatures vanquished.

Grand Total: 176 creatures vanquished

Notes
Turn   | Place    | Note
-------+----------+-------------------------------------------
     0 | D:1      | Edgeworth the Hill Orc Fighter began the quest for the Orb.
     0 | D:1      | Reached XP level 1. HP: 19/19 MP: 1/1
    83 | D:1      | Reached XP level 2. HP: 27/27 MP: 2/2
   336 | D:1      | Reached skill level 3 in Axes
   336 | D:1      | Reached XP level 3. HP: 5/33 MP: 3/3
  1214 | D:2      | Reached XP level 4. HP: 27/40 MP: 4/4
  1646 | D:2      | Found a blossoming altar of Fedhas.
  1667 | D:2      | Noticed an oklob plant
  1782 | D:2      | Reached skill level 4 in Axes
  2301 | D:3      | HP: 2/41 [hobgoblin/cursed -1 spear (1)]
  2319 | D:3      | Reached XP level 5. HP: 12/47 MP: 5/5
  2875 | D:3      | Reached skill level 5 in Axes
  3014 | D:3      | Noticed Ijyb
  3049 | D:3      | Killed Ijyb
  3294 | D:4      | Became a worshipper of Beogh the Brigand
  3331 | D:4      | Reached XP level 6. HP: 36/53 MP: 6/6
  3452 | D:4      | Found a staircase to the Ecumenical Temple.
  3631 | D:4      | Noticed a phantom
  3665 | D:4      | Killed a phantom
  3665 | D:4      | Reached skill level 5 in Fighting
  3670 | D:4      | Reached skill level 6 in Axes
  3775 | D:4      | Noticed a phantom
  3937 | D:4      | Noticed Grinder
  3943 | D:4      | Noticed Robin
  3944 | D:4      | Paralysed by Grinder for 7 turns
  3966 | D:4      | Killed Robin
  3966 | D:4      | Reached XP level 7. HP: 17/61 MP: 7/7
  3970 | D:4      | Killed Grinder
  3970 | D:4      | Reached skill level 7 in Axes
  3970 | D:4      | Reached skill level 5 in Armour
  3970 | D:4      | Reached skill level 5 in Shields
  4288 | D:5      | Entered Level 5 of the Dungeon
  4613 | D:5      | Reached XP level 8. HP: 43/70 MP: 8/8
  4815 | D:5      | Reached * piety under Beogh
  4872 | D:5      | Found a blossoming altar of Fedhas.
  4898 | D:5      | Noticed Blork the orc
  4921 | D:6      | Got an opalescent robe
  4944 | D:6      | Identified the +1 robe "Itteq" {+Blink rF- rC+} (You found
                  | it on level 6 of the Dungeon)
  5021 | D:6      | Reached skill level 8 in Axes
  5416 | D:6      | Reached skill level 9 in Axes
  5710 | D:6      | Found a hazy altar of Hepliaklqana.
  5711 | D:6      | Found a shimmering altar of Xom.
  5712 | D:6      | Noticed a spectral ugly thing
  6112 | D:6      | Upgraded the game from 0.25-b1-29-g4cfa5c7bda to
                  | 0.25-b1-37-g2669288c55
  6142 | D:7      | Reached XP level 9. HP: 78/78 MP: 9/9
  6143 | D:7      | Found a bloodstained altar of Trog.
  6491 | D:7      | Reached ** piety under Beogh
  6565 | D:7      | Reached skill level 10 in Axes
  7610 | D:8      | Noticed Grum
  7640 | D:8      | HP: 3/79 [Grum/-2 halberd (8)]
  7642 | D:8      | Shot with an arrow by a centaur

Illustrated notes

Levels and vault maps discovered:
D:1:      minmay_arrival_open_corners, layout_loops_cross
D:2:      layout_basic, first_ration, tgw_fedhas
D:3:      layout_basic, grunt_ministairs_10, uniq_ijyb
D:4:      layout_basic, temple_statues, uniq_grinder, uniq_robin
D:5:      layout_gridville, lemuel_round_altar, uniq_blork_the_orc
D:6:      layout_basic, regret_index_temple_of_mockery
D:7:      layout_basic, basic_altar, minmay_crossroads
D:8:      layout_basic, kennysheep_mini, enter_bailey_7, david_nohive_1,
          uniq_pikel, uniq_grum

Skill      XL: |  1  2  3  4  5  6  7  8  9 |
---------------+----------------------------+-----
Fighting       | 4 5 6 7 |  7.2
Axes           | 3 4 5 6 7 9 10 | 10.8
Shields        | 4 5 6 7 |  7.5
Armour         | 4 5 6 7 |  7.6

Action                   |  1- 3 |  4- 6 |  7- 9 || total
-------------------------+-------+-------+-------++-------
Melee: War axe           |   109 |   264 |   378 ||   751
       Unarmed           |       |    13 |       ||    13
Invok: Convert to Beogh  |       |     1 |       ||     1
  Use: Potion            |       |     3 |     3 ||     6
  Eat: Chunk             |       |    10 |     8 ||    18
       Ration            |       |       |     6 ||     6
Armor: Scale mail        |    52 |   128 |     3 ||   183
       Skin              |       |     1 |       ||     1
       Chain mail        |       |       |   165 ||   165
Dodge: Dodged            |    35 |    66 |   103 ||   204
Block: Kite shield       |    69 |   146 |   217 ||   432
